 Dungeon Crawl Stone Soup version 0.23.2-40-g277498a001 (webtiles) character file.

Game seed: 5446980881589695703

11429 MalarOregon the Fighter (level 11, -6/102 HPs)
             Began as a Black Draconian Fire Elementalist on Oct 12, 2019.
             Was an Initiate of Gozag.
             Hit by a large rock thrown by a stone giant (17 damage)
             ... in a volcano on Oct 13, 2019.
             The game lasted 00:48:06 (17386 turns).

MalarOregon the Fighter (DrFE)                     Turns: 17386, Time: 00:48:07

Health: -6/102     AC:  9    Str: 13    XL:     11   Next: 49%
Magic:  21/21      EV: 15    Int: 18    God:    Gozag
Gold:   1642       SH:  0    Dex: 12    Spells: 12/24 levels left

rFire    + . .     SeeInvis .   D - +0 scimitar
rCold    . . .     Gourm    .   (no shield)
rNeg     . . .     Faith    .   (armour unavailable)
rPois    .         Spirit   .   (helmet restricted)
rElec    +         Reflect  .   h - +0 cloak
rCorr    .         Harm     .   g - +0 pair of gloves
MR       .....                  (no boots)
Stlth    ++........             (no amulet)
HPRegen  0.27/turn              w - +2 ring of strength
MPRegen  0.17/turn              i - ring of protection from fire

@: no status effects
A: breathe lightning, unfitting armour, electricity resistance, cold-blooded, AC
+7
a: Breathe Lightning, Potion Petition, Call Merchant, Bribe Branch, Renounce
Religion


You were in a volcano.
You worshipped Gozag.
Gozag was most pleased with you.
You were near starving.

You visited 3 branches of the dungeon, and saw 12 of its levels.
You also visited: Volcano.

You collected 2146 gold pieces.
You spent 378 gold pieces at shops.
You paid 126 gold pieces to Gozag.

Inventory:

Hand Weapons
 B - a +1 scimitar of flaming
   (You took it off an efreet in a volcano)
 D - a +0 scimitar (weapon)
   (You found it on level 8 of the Dungeon)
Armour
 g - a +0 pair of gloves (worn)
   (You found it on level 1 of the Dungeon)
 h - a +0 cloak (worn)
   (You found it on level 4 of the Dungeon)
Jewellery
 i - a ring of protection from fire (right hand)
   (You found it on level 4 of the Dungeon)
 o - an uncursed ring of ice
   (You found it on level 5 of the Dungeon)
 w - a +2 ring of strength (left hand)
   (You found it on level 8 of the Dungeon)
Wands
 d - a wand of iceblast (4)
   (You took it off Pikel on level 4 of the Dungeon)
 u - a wand of enslavement (8)
   (You found it on level 8 of the Dungeon)
 E - a wand of scattershot (8)
   (You took it off an orc priest on level 9 of the Dungeon)
 H - a wand of polymorph (1)
   (You found it on level 10 of the Dungeon)
Scrolls
 a - 3 scrolls of fog {unknown}
 c - 3 scrolls of immolation {unknown}
 f - 2 scrolls of enchant armour {unknown}
 k - 6 scrolls of teleportation {@r4}
 l - 7 scrolls of remove curse {@r2}
 m - 2 scrolls of magic mapping
 n - 2 scrolls of random uselessness {unknown}
 p - 4 scrolls of amnesia
 r - a scroll of blinking {unknown}
 x - 3 scrolls of fear
 y - 3 scrolls of noise {!r}
Potions
 b - 13 potions of curing {@q1}
 j - 4 potions of heal wounds {unknown}
 q - 2 potions of might {unknown}
 s - 2 potions of cancellation
 t - a potion of mutation {!q}
 v - 2 potions of invisibility
 A - 2 potions of flight {unknown}
 C - 3 potions of degeneration {unknown}
 F - 3 potions of resistance {unknown}
 G - a potion of lignification {unknown}
Comestibles
 e - 2 rations {!d}


   Skills:
 * Level 11.2 Fighting
 * Level 9.2 Long Blades
 + Level 6.9 Dodging
 - Level 1.7 Stealth
 + Level 7.0 Spellcasting
 + Level 4.9 Conjurations
 + Level 4.8 Fire Magic


You had 12 spell levels left.
You knew the following spells:

 Your Spells              Type           Power        Failure   Level  Hunger
a - Flame Tongue          Conj/Fire      ###..        1%          1    None
b - Fireball              Conj/Fire      ###.......   38%         5    #####..
q - Sticky Flame          Conj/Fire      ###.....     14%         4    ####...
x - Throw Flame           Conj/Fire      ###...       2%          2    None

Your spell library contained the following spells:

 Spells                   Type           Power        Failure   Level  Hunger
 Conjure Flame            Conj/Fire      ###.....     4%          3    ##.....
 Confusing Touch          Hex            #.....       11%         1    None
 Inner Flame              Hex/Fire       ###.....     12%         3    ##.....
 Confuse                  Hex            #.......     32%         3    ##.....
 Gell's Gravitas          Tloc           #.........   32%         3    ##.....
 Petrify                  Tmut/Erth      #.......     71%         4    ####...
 Metabolic Englaciation   Hex/Ice        #.........   96%         5    #####..
 Yara's Violent Unravell  Hex/Tmut       #.........   96%         5    #####..


Dungeon Overview and Level Annotations

Branches:
Dungeon (10/15)            Temple (1/1) D:5            Lair (1/6) D:10
    Orc (0/2) D:10

Altars:
Ashenzari
Cheibriados
Dithmenos
Elyvilon
Fedhas
Gozag
Hepliaklqana
Kikubaaqudgha
Makhleb
Nemelex Xobeh
Okawaru
Qazlal
Ru
Sif Muna
Trog
Uskayaw
Vehumet
Wu Jian
Xom
Yredelemnul
Zin
The Shining One

Annotations:
D:3 1 runed translucent door, Crazy Yiuf


Innate Abilities, Weirdness & Mutations

You can breathe wild blasts of lightning.
Your glossy black scales are hard. (AC +7)
You cannot fit into any form of body armour.
You are resistant to electric shocks. (rElec)
You are cold-blooded and may be slowed by cold attacks.


Message History

You hit the fire elemental. The fire elemental misses you.
You riposte.
You closely miss the fire elemental.
You tail-slap the fire elemental, but do no damage.
You hit the fire elemental.
Your tail-slap misses the fire elemental.
You slash the fire elemental!
You destroy the fire elemental!
Your Spellcasting skill increases to level 7!
There is a large open door here.
Found six items.
You see here a leather armour.
F - 3 bubbling grey potions (gained 2)
You now have 1585 gold pieces (gained 6).
You see here a lajatang of flaming.
You now have 1594 gold pieces (gained 9).
You now have 1623 gold pieces (gained 29).
x - 3 scrolls of fear (gained 1)
You see here a leather armour.
Your magical contamination has completely faded away.
There is a large open door here.
You now have 1642 gold pieces (gained 19).
Your extra speed is starting to run out.
There is an open door here.
A stone giant comes into view.
The stone giant shouts!
The stone giant throws a large rock.
The large rock hits you!!
* * * LOW HITPOINT WARNING * * *
Found a rocky tunnel leading out of this place.
You see here a large rock.
There is an open door here.
You feel yourself slow down.
You close the door.
A stone giant opens the door.
You see here a +0 mace.
The stone giant throws a large rock.
The large rock closely misses you.
You see here a large rock.
The stone giant throws a large rock.
The large rock closely misses you.
You see here a large rock.
The stone giant throws a large rock.
The large rock hits you!
* * * LOW HITPOINT WARNING * * *
You see here a large rock.
There is an open door here.
You close the door.
You are near starving!
Something unseen opens the door.
You feel a little less agile now.
The air gets thick with the scent of sulphur.
The stone giant throws a large rock.
The large rock hits you!
You die...
Your body crumbles into a pile of gold.

≈§≈≈≈≈≈≈≈≈≈≈≈≈≈§§§≈≈≈≈≈§§≈≈§≈≈§§.
........C.C...§C≈≈≈≈§§≈§≈≈§≈≈≈≈≈.
#######'########...≈≈§≈≈§§§≈≈≈§°.
#(#......#.≈≈.≈≈≈≈≈≈§≈≈≈...
#(#.#[[..#.≈≈≈.≈§§≈≈§§≈≈... $ $
#(#.#....#.≈§≈≈.≈≈≈≈≈≈§≈≈°. $
#)#.#.)..#.≈≈≈≈..≈§§§≈§§≈§°
#####.#.#.######.§≈≈§§§.≈§§≈§≈§§.
EE....#C#......#@≈≈≈§≈≈§§≈≈≈§≈§≈§
##''###'###''###.≈≈≈≈≈≈§≈§.≈≈≈≈≈§
#.....#....#.≈≈≈≈≈≈§≈≈§..≈≈≈.
∩..#.8_8.#..∩.#.§≈≈≈≈≈§≈≈≈≈≈..§.
...C...(.'....#.≈≈≈§§§≈≈≈≈≈≈≈≈§.
################§≈§§≈≈§§≈≈≈§§§≈≈§
..........§...§§§§§§§≈§≈§≈§§≈≈≈≈.
≈≈§§≈≈§≈≈≈≈≈≈§≈≈§≈§≈§§§§≈§≈§≈§...
≈≈≈≈§≈§≈≈≈≈§≈≈§§≈≈≈≈≈≈≈§≈≈§≈.....


You could see a stone giant.

Vanquished Creatures
  2 two-headed ogres
  Pikel (D:4)
  A molten gargoyle (Volcano)
  An efreet (Volcano)
  A komodo dragon (Lair:1)
  2 trolls (D:9)
  3 hippogriffs
  A spriggan (D:8)
  A wyvern (D:9)
  4 yaks (D:8)
  A fire elemental (Volcano)
  A basilisk (D:10)
  2 fire bats (Volcano)
  3 hungry ghosts
  Edmund (D:4)
  4 porcupines (D:10)
  A water moccasin (Lair:1)
  6 orc warriors
  2 ice beasts
  5 black bears
  2 phantoms
  A sky beast (D:6)
  3 wolves (D:10)
  4 ogres
  9 centaurs
  3 crocodiles
  3 bullfrogs
  A big kobold (D:9)
  A scorpion (D:6)
  4 killer bees (D:7)
  4 howler monkeys
  5 lava snakes (Volcano)
  A bullfrog zombie (D:5)
  3 crimson imps
  3 hounds
  2 centaur skeletons
  7 orc priests
  2 jellies (D:5)
  12 orc wizards
  Ijyb (D:4)
  Jessica (D:3)
  3 iguanas
  Terence (D:3)
  13 worker ants
  A hound zombie (D:5)
  3 hound skeletons
  Robin (D:3)
  A worker ant zombie (D:8)
  10 adders
  A howler monkey skeleton (D:7)
  5 shadow imps
  2 worms
  7 leopard geckos
  39 orcs
  10 bats
  6 giant cockroaches
  16 goblins
  12 hobgoblins
  24 jackals
  6 quokkas
  9 frilled lizards
  13 kobolds
  A leopard gecko skeleton (D:5)
  A leopard gecko zombie (D:7)
  2 quokka skeletons (D:4)
  A quokka zombie (D:6)
  2 rats
305 creatures vanquished.

Vanquished Creatures (others)
  An earth elemental (Volcano)
  A fire vortex (D:4)
2 creatures vanquished.

Grand Total: 307 creatures vanquished

Notes
Turn   | Place    | Note
-------+----------+-------------------------------------------
     0 | D:1      | MalarOregon the Draconian Fire Elementalist began the quest
                  | for the Orb.
     0 | D:1      | Reached XP level 1. HP: 14/14 MP: 3/3
   320 | D:1      | Reached XP level 2. HP: 22/22 MP: 0/5
   441 | D:1      | Reached skill level 1 in Fighting
  1079 | D:1      | Reached XP level 3. HP: 28/28 MP: 0/6
  1236 | D:2      | Noticed an orc warrior
  1267 | D:2      | Learned a level 2 spell: Throw Flame
  1330 | D:2      | Found a sacrificial altar of Ru.
  1466 | D:2      | You fall through a shaft for 2 floors!
  1501 | D:3      | Reached skill level 2 in Fighting
  1623 | D:4      | Reached XP level 4. HP: 11/37 MP: 1/7
  1837 | D:3      | Noticed Jessica
  1923 | D:4      | Reached XP level 5. HP: 30/44 MP: 1/8
  2025 | D:3      | Reached skill level 3 in Fighting
  2027 | D:3      | Killed Jessica
  2363 | D:3      | Noticed Terence
  2371 | D:3      | Killed Terence
  2552 | D:2      | Learned a level 4 spell: Sticky Flame
  2961 | D:2      | Reached XP level 6. HP: 51/51 MP: 3/10
  3041 | D:2      | Killed an orc warrior
  3041 | D:2      | Reached skill level 4 in Fighting
  3413 | D:3      | Noticed Robin
  3465 | D:3      | Killed Robin
  3803 | D:3      | Found a runed translucent door.
  3804 | D:3      | Noticed Crazy Yiuf
  4280 | D:4      | Noticed Ijyb
  4288 | D:4      | Killed Ijyb
  4615 | D:4      | Found a sparkling altar of Nemelex Xobeh.
  4696 | D:4      | Your scales start taking on a glossy black colour.
  4696 | D:4      | Reached XP level 7. HP: 55/60 MP: 5/12
  4696 | D:4      | Gained mutation: You are resistant to electric shocks.
                  | (rElec) [Black Draconian growth]
  4729 | D:4      | Found an iron altar of Okawaru.
  4730 | D:4      | Found a bloodstained altar of Trog.
  4914 | D:4      | Noticed Edmund
  4927 | D:4      | Killed Edmund
  4927 | D:4      | Reached skill level 5 in Fighting
  5165 | D:4      | Noticed Pikel
  5174 | D:4      | Killed Pikel
  5174 | D:4      | Reached XP level 8. HP: 40/70 MP: 7/14
  5277 | D:5      | Entered Level 5 of the Dungeon
  5287 | D:5      | Reached skill level 6 in Fighting
  5846 | D:5      | Found a staircase to the Ecumenical Temple.
  5853 | Temple   | Entered the Ecumenical Temple
  6242 | D:6      | Found a deep blue altar of Sif Muna.
  6242 | D:6      | Found an ancient bone altar of Kikubaaqudgha.
  6242 | D:6      | Found an opulent altar of Gozag.
  6242 | D:6      | Found an ornate altar of the Wu Jian Council.
  6250 | D:6      | Became a worshipper of Gozag Ym Sagoz the Greedy
  6281 | D:6      | Found Ymnateymp's Magic Scroll Shoppe.
  6533 | D:6      | Reached skill level 7 in Fighting
  6626 | D:6      | Noticed a two-headed ogre
  6641 | D:6      | Killed a two-headed ogre
  6641 | D:6      | Reached skill level 5 in Long Blades
  6641 | D:6      | Reached skill level 5 in Spellcasting
  6641 | D:6      | Reached XP level 9. HP: 62/80 MP: 2/16
  6839 | D:6      | Found a shimmering altar of Xom.
  6979 | D:6      | Bought a scroll of remove curse for 36 gold pieces
  6979 | D:6      | Bought a scroll of amnesia for 42 gold pieces
  6979 | D:6      | Bought a scroll of noise for 12 gold pieces
  6979 | D:6      | Bought a scroll of fear for 42 gold pieces
  6979 | D:6      | Bought a scroll of magic mapping for 42 gold pieces
  6979 | D:6      | Bought a scroll of teleportation for 36 gold pieces
  6979 | D:6      | Bought a scroll of noise for 12 gold pieces
  6979 | D:6      | Bought a scroll of teleportation for 36 gold pieces
  6979 | D:6      | Bought a scroll of identify for 24 gold pieces
  6979 | D:6      | Bought a scroll of remove curse for 36 gold pieces
  6979 | D:6      | Bought a scroll of teleportation for 36 gold pieces
  6979 | D:6      | Bought a scroll of identify for 24 gold pieces
  7050 | D:7      | Reached skill level 8 in Fighting
  7050 | D:7      | Reached skill level 5 in Dodging
  8454 | D:7      | HP: 3/82 [hippogriff (2)]
  8949 | D:8      | Reached skill level 9 in Fighting
  9115 | D:8      | Reached XP level 10. HP: 67/91 MP: 10/18
  9336 | D:8      | Found a snail-covered altar of Cheibriados.
 10452 | D:9      | Found a snail-covered altar of Cheibriados.
 11500 | D:9      | Reached skill level 10 in Fighting
 11957 | D:9      | Found a shadowy altar of Dithmenos.
 12139 | D:9      | Learned a level 5 spell: Fireball
 13505 | D:10     | Entered Level 10 of the Dungeon
 13556 | D:10     | Reached XP level 11. HP: 85/101 MP: 9/20
 14304 | D:10     | Found a staircase to the Lair.
 14744 | D:10     | Noticed a two-headed ogre
 14764 | D:10     | Killed a two-headed ogre
 15069 | D:10     | Found a staircase to the Orcish Mines.
 15499 | Lair:1   | Entered Level 1 of the Lair of Beasts
 15541 | Lair:1   | Reached skill level 11 in Fighting
 15841 | Lair:1   | Found a dark tunnel.
 15848 | Volcano  | Entered a volcano
 16634 | Volcano  | Found a bloodstained altar of Trog.
 17358 | Volcano  | Noticed a stone giant
 17386 | Volcano  | Hit by a large rock thrown by a stone giant

Skill      XL: |  1  2  3  4  5  6  7  8  9 10 11 |
---------------+----------------------------------+-----
Fighting       | 1 2 3 4 5 7 9 10 11 | 11.2
Dodging        | 2 3 4 5 6 |  6.9
Conjurations   | 2 3 4 |  4.9
Spellcasting   | 3 4 5 6 7 |  7.0
Fire Magic     | 4 |  4.8
Long Blades    | 2 5 6 8 9 |  9.2
Stealth        | |  1.7

Action                   |  1- 3 |  4- 6 |  7- 9 | 10-12 || total
-------------------------+-------+-------+-------+-------++-------
Melee: Unarmed           |     2 |       |       |       ||     2
       Dagger            |    85 |   120 |     8 |       ||   213
       Tailslap          |     5 |    12 |    58 |    40 ||   115
       Falchion          |       |       |    64 |       ||    64
       Long sword        |       |       |   219 |    18 ||   237
       Scimitar          |       |       |       |   336 ||   336
 Cast: Flame Tongue      |    60 |    71 |    75 |    18 ||   224
       Sticky Flame      |       |     4 |    19 |    15 ||    38
       Throw Flame       |       |       |    18 |   145 ||   163
Invok: Potion Petition   |       |       |       |     1 ||     1
 Abil: Breathe Lightning |       |       |     1 |     2 ||     3
Evoke: Wand              |       |       |     2 |    10 ||    12
  Use: Potion            |     1 |       |     3 |     4 ||     8
       Scroll            |       |       |     4 |     2 ||     6
 Stab: Sleeping          |     1 |     1 |     1 |     4 ||     7
       Distracted        |       |       |     4 |       ||     4
       Invisible         |       |       |       |     7 ||     7
  Eat: Chunk             |     3 |    11 |     7 |       ||    21
       Ration            |       |       |     4 |    10 ||    14
Armor: Skin              |    62 |    42 |   142 |   124 ||   370
Dodge: Dodged            |   121 |    97 |   278 |   288 ||   784
       Rpst.: Falchion   |       |       |    21 |       ||    21
       Long sword        |       |       |    65 |     2 ||    67
       Scimitar          |       |       |       |    73 ||    73
